 Dungeon Crawl Stone Soup version 0.19.1-1-g22dce08 (webtiles) character file.

95 nikopol the Skirmisher (level 4, -6/43 HPs)
             Began as a Gargoyle Berserker on Jan 9, 2017.
             Was a Believer of Trog.
             Mangled by an ice beast (8 damage)
             ... on level 3 of the Dungeon.
             The game lasted 00:04:00 (2019 turns).

nikopol the Skirmisher (Gargoyle Berserker)         Turns: 2019, Time: 00:04:00

Health: -6/43      AC: 10    Str: 26    XL:     4   Next: 66%
Magic:  4/4        EV: 11    Int:  7    God:    Trog [**....]
Gold:   35         SH:  0    Dex: 10    Spells: 0 memorised, 3 levels left

rFire  . . .     SeeInvis .     a - +0 hand axe
rCold  . . .     Gourm    .     o - +0 ring mail
rNeg   + . .     Faith    .     (no shield)
rPois  ∞         Spirit   .     d - +0 helmet
rElec  +         Reflect  .     (no cloak)
rCorr  .         Harm     .     (no gloves)
MR     .....                    (no boots)
Stlth  ..........               (no amulet)
                                (no ring)
                                (no ring)

@: berserking, very quick
A: negative energy resistance 1, electricity resistance, unbreathing,
petrification resistance, rot immunity, AC +3
a: Berserk, Trog's Hand, Burn Spellbooks, Renounce Religion


You were on level 3 of the Dungeon.
You worshipped Trog.
Trog was pleased with you.
You were hungry.

You visited 1 branch of the dungeon, and saw 3 of its levels.

You collected 35 gold pieces.

Inventory:

Hand Weapons
 a - a +0 hand axe (weapon)
Missiles
 i - 86 arrows (quivered)
Armour
 b - a +0 animal skin
 d - a +0 helmet (worn)
 o - a +0 ring mail (worn)
Jewellery
 n - a +4 ring of evasion {unknown}
Scrolls
 e - a scroll of teleportation {unknown}
 g - a scroll of noise {unknown}
 j - 4 scrolls of identify {unknown}
 p - a scroll of magic mapping {unknown}
 q - a scroll of immolation {unknown}
 s - a scroll of remove curse {unknown}
Potions
 f - a potion of resistance {unknown}
 k - a potion of might {unknown}
 m - a potion of invisibility {unknown}
Comestibles
 c - a bread ration
 h - a meat ration
 l - 3 beef jerkies
 r - 3 chunks of flesh


   Skills:
 + Level 4.1 Fighting
 + Level 3.2 Axes
 + Level 3.3 Armour
 + Level 2.2 Dodging


You had 3 spell levels left.
You didn't know any spells.

Dungeon Overview and Level Annotations

Branches:
Dungeon (3/15)

Altars:
Ru


Innate Abilities, Weirdness & Mutations

You are resistant to torment.
Your stone body is resilient. (AC +3)
You are immune to poison.
You resist negative energy. (rN+)
You are resistant to electric shocks. (rElec)
You can survive without breathing.
You are immune to petrification.
You are immune to rotting.


Message History

You are too injured to fight recklessly!
You are too injured to fight recklessly!
You are too injured to fight recklessly!
You are too injured to fight recklessly!
You are too injured to fight recklessly!
You are too injured to fight recklessly!
You are too injured to fight recklessly!
You are too injured to fight recklessly!
You are too injured to fight recklessly!
You are too injured to fight recklessly!
You are too injured to fight recklessly!
You are too injured to fight recklessly!
You are too injured to fight recklessly!
A red film seems to cover your vision as you go berserk!
You feel yourself moving faster!
You feel mighty!
You are feeling hungry.
The ice beast hits you.
* * * LOW HITPOINT WARNING * * *
The ice beast freezes you!
You die...

.# .# .# #######
.## #....<#
..####
##.###.###......
.............#
###.###.##@..#
#.#Y...%#
..##..>##
######.## .# .#
+#


You could see an ice beast.

Vanquished Creatures
  4 adders (D:2)
  A worm (D:2)
  4 giant cockroaches
  6 goblins
  5 hobgoblins
  5 jackals
  7 kobolds
  A quokka (D:2)
  9 bats
  6 frilled lizards
  5 rats
53 creatures vanquished.

Notes
Turn   | Place    | Note
-------+----------+-------------------------------------------
     0 | D:1      | nikopol the Gargoyle Berserker began the quest for the Orb.
     0 | D:1      | Reached XP level 1. HP: 14/14 MP: 1/1
   179 | D:1      | Reached XP level 2. HP: 9/19 MP: 2/2
   721 | D:1      | Reached XP level 3. HP: 24/24 MP: 3/3
  1305 | D:2      | Reached ** piety under Trog
  1346 | D:2      | Found a sacrificial altar of Ru.
  1397 | D:2      | Reached skill level 4 in Fighting
  1398 | D:2      | Reached XP level 4. HP: 25/29 MP: 4/4
  2009 | D:3      | Noticed an ice beast
  2019 | D:3      | HP: 2/43 [ice beast (1)]
  2019 | D:3      | Mangled by an ice beast

Skill      XL: |  1  2  3 |
---------------+----------+-----
Dodging        | 2 |  2.2
Fighting       | 4 |  4.1
Axes           | 3 |  3.2
Armour         | 3 |  3.3

Action                   |  1- 3 |  4- 6 || total
-------------------------+-------+-------++-------
Melee: Hand axe          |   128 |    86 ||   214
Invok: Berserk           |       |     1 ||     1
 Stab: Paralysed         |     1 |       ||     1
       Sleeping          |     1 |       ||     1
  Eat: Chunk             |     2 |     2 ||     4
Armor: Animal skin       |    55 |     4 ||    59
       Ring mail         |       |    36 ||    36
Dodge: Dodged            |   110 |    71 ||   181
